 Dungeon Crawl Stone Soup version 0.30-a0-986-g7f2e898f52 (webtiles) character file.

Game seed: 8833691261330249273

2 Mesmaeker13 the Insei (level 1, -1/13 HPs)
             Began as an Octopode Transmuter on Apr 1, 2023.
             Slain by a kobold
             ... wielding a +0 short sword
              (4 damage)
             ... on level 1 of the Dungeon.
             The game lasted 00:00:11 (51 turns).

Mesmaeker13 the Insei (Octopode Transmuter)           Turns: 51, Time: 00:00:11

Health: -1/13      AC:  1    Str:  9    XL:     1   Next: 40%
Magic:  2/3        EV: 13    Int: 15    God:
Gold:   0          SH:  0    Dex: 12    Spells: 3/4 levels left

rFire   . . .      SeeInvis .      - Unarmed
rCold   . . .      Faith    .    (no shield)
rNeg    . . .      Spirit   .    (helmet currently unavailable)
rPois   .          Reflect  .    (no amulet)
rElec   .          Rampage  .    (no ring)
rCorr   .                        (no ring)
Will    .....                    (no ring)
Stlth   ++                       (no ring)
HPRegen 0.22/turn                (no ring)
MPRegen 0.08/turn                (no ring)
                                 (no ring)
                                 (no ring)

@: appendages
A: tentacle spike 3, almost no armour, amphibious, 8 rings, camouflage 1,
gelatinous body 1, (nimble swimmer 1), tentacles
a: End Transformation


You were on level 1 of the Dungeon.
One of your tentacles had grown a beastly spike.
You visited 1 branch of the dungeon, and saw 1 of its levels.

Inventory:

Potions
 a - a potion of lignification


   Skills:
 + Level 1.1 Fighting
 - Level 2.0 Dodging
 + Level 3.0 Unarmed Combat
 - Level 2.0 Spellcasting
 + Level 2.1 Transmutations


You had 3 spell levels left.
You knew the following spells:

 Your Spells              Type           Power      Damage    Failure   Level
a - Beastly Appendage     Tmut           14%        N/A       10%         1

Your spell library contained the following spells:

 Spells                   Type           Power      Damage    Failure   Level
 Wereblood                Tmut           7%         N/A       14%         2
 Spider Form              Tmut/Pois      4%         N/A       41%         3
 Ice Form                 Ice/Tmut       4%         N/A       82%         4


Dungeon Overview and Level Annotations

Branches:
Dungeon (1/15)

Altars:


Innate Abilities, Weirdness & Mutations

One of your tentacles has grown a beastly spike.
You cannot wear most types of armour.
You are amphibious.
You can wear up to eight rings at the same time.
Your skin changes colour to match your surroundings (Stealth+).
Your rubbery body absorbs attacks. (AC +1, EV +1)
((You are camouflaged when in or above water. (Stealth+)))
You have tentacles for arms and can constrict up to eight enemies at once.


Message History

One of your tentacles grows a vicious spike.
The hobgoblin shouts!
A giant cockroach comes into view.
The giant cockroach moves out of view.
A kobold comes into view. It is wielding a +0 short sword.
The hobgoblin misses you.
The kobold shouts!
You tentacle-slap the hobgoblin. You grab the hobgoblin.
Your tentacle spike misses the hobgoblin.
You squeeze the hobgoblin.
You kill the hobgoblin!
A bat comes into view.
The bat moves out of view.
Found a potion of lignification.
You see here a hobgoblin corpse.
The giant cockroach bites you.
The kobold hits you with a +0 short sword.
You tentacle-slap the giant cockroach. Your grab misses the giant cockroach.
Your tentacle-slap misses the giant cockroach.
You squeeze the giant cockroach.
You kill the giant cockroach!
The kobold hits you with a +0 short sword.
A kobold comes into view. It is wielding a +0 dagger.
You are too injured to fight recklessly!
Your tentacle spike disappears.
You see here a hobgoblin corpse.
The bat hits you but does no damage. The bat misses you.
The bat attacks as you move away! The bat completely misses you.
The bat misses you.
Casting: Beastly Appendage (safe; 10% risk of failure)
Confirm with . or Enter, or press ? or * to list all spells.
One of your tentacles grows a vicious spike.
The kobold hits you with a +0 short sword.
* * * LOW HITPOINT WARNING * * *
You closely miss the kobold. Your grab misses the kobold.
Your tentacle spike misses the kobold.
The kobold completely misses you.
You closely miss the kobold. Your grab misses the kobold.
The kobold hits you with a +0 short sword.
You die...

.. #. .#...#.
.#.#!###K#.....
........... ...
#.....##....
#........
...####†.######
.........#
#######.#######
#.@Kb........
#.##...#.####
#......#.#
♣♣####.#.# ♣♣♣♣♣
#...#
#♣♣♣♣...♣♣♣♣##.##
#...........##.#
#...........##.#
#.8..8.8..8.##.#


You could see a bat and a kobold.

Vanquished Creatures
  A giant cockroach (D:1)
  A hobgoblin (D:1)
2 creatures vanquished.

Notes
Turn   | Place    | Note
-------+----------+-------------------------------------------
     0 | D:1      | Mesmaeker13 the Octopode Transmuter began the quest for the
                  | Orb.
     0 | D:1      | Reached XP level 1. HP: 13/13 MP: 3/3
    51 | D:1      | Slain by a kobold

Illustrated notes

Levels and vault maps discovered:
D:1:      giann_forest_graveyard, layout_basic, serial_shops, shop,
          basic_ecumenical_altar, solitary_fountain

Action                     || total
---------------------------++-------
  Melee: Unarmed           ||     4
         Tentacles         ||     2
         Constrict         ||     1
   Cast: Beastly Appendage ||     2
 Armour: Skin              ||     1
  Dodge: Dodged            ||     5

Table legend: (Time is in decaauts)
 A = Elapsed time spent in this place.
 B = Non-inter-level travel time spent in this place.
 C = Inter-level travel time spent in this place.
 D = Time resting spent in this place.
 E = Time spent auto-exploring this place.
 F = Levels seen in this place.
 G = Mean time per level.
                   A        B        C        D        E       F      G
               +--------+--------+--------+--------+--------+-----+--------+
         Total |     51 |     51 |      0 |      0 |     31 |   1 |   51.0 |
       Dungeon |     51 |     51 |      0 |      0 |     31 |   1 |   51.0 |
               +--------+--------+--------+--------+--------+-----+--------+

Top non-repeatable levels by time:
     D:1: 51 daAuts
